Map: Cerulean Fall LE

Players

bajspotte - Winner!

  • Race: Zerg Zerg
  • League: Silver
  • Spawn Location: 1:00

YaBoiOle

  • Race: Protoss Protoss
  • League: Silver
  • Spawn Location: 7:00

VOD

Have the link to the VOD?

Description

Doing a fun build in silver.

Time

  • Played on: Nov. 3, 2018, 2:24 p.m.
  • Length: 19:37
Show
View Real Time Build Order
Export as new Build Order

bajspotte Zerg - Winner!

Build Orders: Pool First 

Get SALT Encoding   

  12  0:01  Drone  
  13  0:10  Drone  
  14  0:17  Overlord  
  14  0:37  Drone x2  
  14  0:38  Drone  
  14  0:42  Extractor  
  16  0:50  Spawning Pool  
  16  0:52  Drone  
  16  1:02  Drone  
  17  1:13  Drone  
  18  1:26  Drone  
  19  1:33  Drone  
  20  1:41  Queen  
  20  1:44  Metabolic Boost  
  22  1:53  Overlord  
  22  2:15  Hatchery  
  21  2:23  Drone x3  
  24  2:54  Hatchery  
  24  2:56  Overlord x2  
  23  3:08  Lair  
  23  3:19  Evolution Chamber  
  22  3:23  Extractor  
  21  3:29  Zergling x2  
  21  3:30  Zergling x10  
  21  3:32  Drone  
  28  3:56  Zergling x4  
  30  4:06  Drone  
  30  4:08  Queen  
  33  4:24  Drone, Spine Crawler  
  32  4:30  Drone  
  34  4:41  Spore Crawler, Drone  
  34  4:44  Spore Crawler  
  33  4:50  Drone  
  34  4:56  Spore Crawler  
  33  5:02  Drone  
  33  5:04  Spore Crawler  
  33  5:17  Drone x4  
  33  5:20  Spore Crawler  
  36  5:35  Spine Crawler  
  35  5:36  Spine Crawler x2  
  35  5:37  Spine Crawler  
  32  5:47  Drone x3  
  32  5:48  Zergling x6  
  32  5:49  Zergling x8  
  35  6:05  Drone  
  35  6:06  Drone x2  
  35  6:10  Spine Crawler  
  36  6:11  Spine Crawler  
  36  6:13  Spine Crawler  
  34  7:19  Zergling x2  
  34  7:20  Zergling x14  
  34  7:21  Zergling x2  
  43  7:29  Queen  
  42  8:04  Spine Crawler  
  42  8:05  Queen  
  35  8:06  Spine Crawler x2  
  28  8:32  Drone x3  
  31  8:57  Spore Crawler  
  31  8:59  Spore Crawler  
  31  9:00  Spore Crawler  
  28  9:05  Drone  
  28  9:06  Drone x2  
  31  9:33  Drone x3  
  34  9:51  Spore Crawler  
  33  9:53  Spore Crawler  
  33  9:54  Spore Crawler  
  31  10:24  Spire  
  31  10:26  Zerg Melee Weapons Level 1  
  30  10:33  Infestation Pit  
  29  10:36  Queen  
  31  10:44  Hatchery  
  31  10:47  Drone x3  
  33  11:10  Spore Crawler x2  
  30  11:12  Queen  
  30  11:27  Drone x3  
  33  11:47  Queen  
  35  11:58  Spore Crawler  
  35  12:00  Spore Crawler x2  
  32  12:20  Zerg Missile Weapons Level 1  
  32  12:22  Drone x3  
  35  12:42  Drone x3  
  38  12:45  Mutalisk x3  
  38  12:46  Mutalisk x6  
  56  12:52  Overlord x3  
  56  13:26  Hatchery  
  55  13:31  Spore Crawler x2  
  53  13:38  Mutalisk  
  53  13:39  Mutalisk  
  57  13:43  Overlord x2  
  57  14:10  Mutalisk  
  57  14:14  Zerg Ground Armor Level 1  
  59  14:19  Hatchery  
  59  14:20  Drone x3  
  61  14:50  Hatchery  
  60  15:04  Hatchery  
  59  15:12  Mutalisk  
  59  15:13  Mutalisk  
  63  15:27  Drone x2  
  63  15:28  Drone  
  66  15:37  Drone x3  
  69  15:47  Drone x2  
  71  16:04  Extractor  
  71  16:07  Extractor  
  71  16:09  Drone  
  70  16:11  Drone  
  70  16:12  Drone x2  
  70  16:14  Extractor  
  70  16:16  Extractor  
  71  16:29  Extractor  
  71  16:30  Drone x3  
  71  16:32  Extractor  
  72  16:39  Spore Crawler  
  71  16:40  Spore Crawler x2  
  71  16:43  Drone x2  
  71  16:52  Drone x3  
  74  16:58  Drone x3  
  46  18:01  Drone x3  
  46  18:04  Drone x3  
  52  18:07  Drone x2  
  52  18:08  Drone  
  55  18:21  Drone x3  
  55  18:24  Extractor  
  55  18:26  Extractor  
  54  18:54  Drone x2  
  54  18:55  Drone x5  
  64  19:31  Extractor  
Show
View Real Time Build Order
Export as new Build Order

YaBoiOle Protoss 

Build Orders:  

Get SALT Encoding   

  12  0:02  Probe  
  14  0:14  Probe  
  14  0:20  Pylon  
  14  0:26  Probe  
  15  0:39  Probe  
  16  0:45  Gateway  
  16  0:59  Forge  
  16  1:01  Assimilator  
  16  1:04  Probe  
  16  1:06  Assimilator  
  17  1:16  Probe  
  18  1:25  Probe  
  19  1:33  Probe  
  20  1:43  Probe  
  20  1:46  Photon Cannon  
  21  1:55  Probe  
  22  2:06  Pylon  
  22  2:07  Probe  
  23  2:24  Probe  
  24  2:31  Cybernetics Core  
  24  2:36  Probe  
  25  2:40  Photon Cannon  
  25  2:43  Photon Cannon  
  25  2:48  Probe  
  26  2:58  Photon Cannon  
  26  3:13  Nexus  
  26  3:17  Assimilator  
  26  3:21  Assimilator  
  26  3:35  Photon Cannon  
  26  3:37  Photon Cannon  
  26  3:54  Probe  
  27  4:06  Probe  
  27  4:08  Shield Battery  
  28  4:11  Shield Battery  
  28  4:18  Probe  
  28  4:22  Shield Battery  
  29  4:27  Shield Battery  
  29  4:31  Probe  
  30  4:41  Pylon  
  30  4:43  Probe  
  31  4:46  Pylon  
  31  4:51  Probe  
  31  4:59  Probe x2  
  34  5:08  Probe x2  
  36  5:16  Probe x2  
  38  5:25  Probe  
  38  5:26  Probe  
  34  5:46  Photon Cannon  
  34  5:48  Photon Cannon  
  34  5:49  Photon Cannon  
  25  6:52  Stargate  
  25  6:57  Stargate  
  25  7:15  Stargate  
  19  7:23  Photon Cannon  
  19  7:25  Photon Cannon  
  18  7:33  Stargate  
  18  7:51  Void Ray x2  
  25  8:01  Void Ray  
  29  8:07  Probe  
  30  8:19  Probe  
  31  8:31  Probe  
  32  9:05  Void Ray  
  36  9:20  Void Ray  
  36  10:02  Pylon  
  36  10:03  Pylon  
  36  10:11  Pylon  
  36  10:20  Void Ray x2  
  44  10:31  Probe  
  45  10:43  Probe  
  46  10:52  Void Ray  
  46  10:55  Probe  
  51  11:07  Probe  
  48  12:00  Nexus  
  48  12:31  Probe  
  48  12:33  Pylon  
  48  12:34  Pylon  
  48  12:35  Pylon  
  48  12:36  Pylon  
  49  12:38  Void Ray  
  49  12:43  Probe  
  54  12:55  Probe  
  47  13:07  Probe  
  44  13:16  Probe  
  46  13:20  Probe  
  46  13:28  Probe  
  46  13:32  Probe  
  48  13:40  Probe  
  49  13:44  Probe  
  50  13:52  Probe  
  51  13:56  Probe  
  52  14:04  Probe  
  52  14:07  Void Ray  
  52  14:08  Probe, Nexus, Void Ray  
  62  14:11  Assimilator  
  62  14:15  Assimilator  
  62  14:20  Probe  
  62  14:22  Probe  
  63  14:28  Assimilator  
  63  14:30  Probe  
  64  14:31  Assimilator  
  64  14:32  Probe  
  66  14:40  Probe  
  67  14:52  Probe  
  68  14:55  Nexus  
  68  14:58  Assimilator  
  68  15:03  Assimilator  
  68  15:04  Probe  
  48  15:16  Void Ray x4  
  63  16:32  Void Ray  
  63  16:34  Void Ray  
  71  16:45  Nexus  
  71  16:47  Assimilator  
  71  16:52  Assimilator  
  57  17:57  Probe  
  58  18:06  Nexus  
  58  18:09  Probe  
  59  18:21  Probe  
  60  18:33  Probe  
  57  18:45  Probe  
Tags
 
Add a new tag
Caveats
  • Supply blocks, unpowered buildings, or Contaminate may cause inaccurate times.
  • Supply counts are checked every 10 seconds.